 Dungeon Crawl Stone Soup version 0.30-a0-165-g1891117ce2 (webtiles) character file.

Game seed: 8960265442918826965

89138 qw the Severer (level 15, 0/100 HPs)
             Began as a Gargoyle Fighter on Sept 28, 2022.
             Was a High Priest of Okawaru.
             Slain by an orc warlord
             ... wielding a +1 war axe
              (23 damage)
             ... on level 2 of the Orcish Mines.
             The game lasted 00:09:33 (25026 turns).

qw the Severer (Gargoyle Fighter)                  Turns: 25026, Time: 00:09:33

Health: 0/100      AC: 41    Str: 25    XL:     15   Next: 96%
Magic:  17/22      EV: 11    Int: 14    God:    Okawaru [*****.]
Gold:   1526       SH: 21    Dex: 12    Spells: 14/14 levels left

rFire   . . .      SeeInvis +    Y - +7 war axe (spect)
rCold   + . .      Faith    .    t - +2 kite shield {rPois}
rNeg    + . .      Spirit   .    f - +6 chain mail of Poor Excuses {rC+ Will+ Slay+3}
rPois   inf        Reflect  +    u - +1 helmet
rElec   +          Harm     .    x - scarf {repulsion}
rCorr   .          Rampage  .    (no gloves)
Will    +++..                    r - +0 pair of boots
Stlth   ..........               w - amulet of reflection
HPRegen 0.26/turn                y - ring "Correcso" {AC+4 Dex+4}
MPRegen 0.18/turn                z - ring of see invisible

@: about to teleport, heroic, finesse-ful, flying, repel missiles
A: sickness immunity, AC +11, big wings, negative energy resistance 1,
electricity resistance, torment resistance 1, petrification resistance,
iridescent scales 1, clever 1, strong-willed 1, subdued magic 1, noise
suppression
a: Renounce Religion, Heroism, Finesse, Duel


You were on level 2 of the Orcish Mines.
You worshipped Okawaru.
Okawaru was extremely pleased with you.
You visited 4 branches of the dungeon, and saw 23 of its levels.

You collected 1978 gold pieces.
You spent 452 gold pieces at shops.


Innate Abilities, Weirdness & Mutations

You are immune to sickness and miasma.
Your stone body is resilient. (AC +11)
You are immune to poison.
Your large and strong wings let you fly.
You resist negative energy. (rN+)
You are resistant to electric shocks. (rElec)
You are resistant to unholy torment.
You are immune to petrification.
You are partially covered in iridescent scales. (AC +2)
Your mind is acute. (Int +4, Str/Dex -1)
You are strong-willed. (Will+)
Your spells are a little easier to cast, but a little less powerful.
You passively dampen the noise of your surroundings.


   Skills:
 + Level 13.6(18.6) Fighting
 - Level 16.0(21.0) Axes
 - Level 5.2(10.2) Throwing
 - Level 10.0(15.0) Armour
 - Level 4.1(9.1) Dodging
 - Level 13.5(18.5) Shields
 - Level 10.0 Invocations


You had 14 spell levels left.
You didn't know any spells.
Your spell library was empty.

Inventory:

Hand Weapons
 v - a +0 morningstar
 Y - a +7 spectral war axe (weapon)
Missiles
 B - 4 boomerangs (quivered)
Armour
 f - the +6 chain mail of Poor Excuses (worn) {rC+ Will+ Slay+3}
   (You found it on level 2 of the Dungeon)

   Slay:      It affects your accuracy & damage with ranged weapons and melee
   (+3).
   rC:        It protects you from cold.
   Will:      It increases your willpower.
 n - +0 acid dragon scales
 r - a +0 pair of boots (worn)
 t - a +2 kite shield of poison resistance (worn)
 u - a +1 helmet (worn)
 x - a scarf of repulsion (worn)
 D - a +1 cloak of preservation
Jewellery
 e - a ring of resist corrosion
 g - a +4 ring of protection
 j - a ring of ice
 p - a ring of fire
 q - a ring of fire
 w - an amulet of reflection (around neck)
 y - the ring "Correcso" (left hand) {AC+4 Dex+4}
   (You acquired it on level 4 of the Lair of Beasts)

   [ring of protection]

   AC:        It affects your AC (+4).
   Dex:       It affects your dexterity (+4).
 z - a ring of see invisible (right hand)
 E - a ring of protection from cold
Wands
 c - a wand of digging (5)
Scrolls
 h - 8 scrolls of teleportation
 k - 11 scrolls of identify
Potions
 a - 3 potions of heal wounds
 b - 3 potions of mutation
 d - 5 potions of might
 i - 11 potions of curing
 l - 3 potions of lignification
 m - a potion of attraction
 o - 3 potions of haste
 C - a potion of magic

Dungeon Overview and Level Annotations

Branches:
Dungeon (15/15)            Temple (1/1) D:5            Lair (5/5) D:10
 Shoals (0/4) Lair:2        Snake (0/4) Lair:2        Slime (0/5) Lair:5
    Orc (2/2) D:11         Vaults (0/5) D:13         Depths (0/4) D:15
    Elf: Orc:2

Altars:
Ashenzari
Cheibriados
Dithmenos
Elyvilon
Fedhas
Gozag
Hepliaklqana
Kikubaaqudgha
Makhleb
Nemelex Xobeh
Okawaru
Qazlal
Ru
Sif Muna
Trog
Uskayaw
Vehumet
Wu Jian
Xom
Yredelemnul
Zin
The Shining One

Shops:
D:7 [   D:8 (   D:9 *   Orc:2 ([*

Portals:
Abyss: D:9

Annotations:
D:4 1 runed translucent door, Crazy Yiuf
D:7 2 transporters, qw's ghost, novice GrFi
D:9 2 transporters, Fiuqy's ghost, novice DrTm
Lair:4 3 runed translucent doors, qw's ghost, journeyman GrFi


Message History

The orc warrior is severely wounded.
You slash the orc warlord!
Your +7 spectral war axe closely misses the orc warlord.
Your +7 spectral war axe hits the orc knight!
Your +7 spectral war axe hits the orc high priest!
Your +7 spectral war axe hits the soul eater!
Your +7 spectral war axe barely misses the orc warrior.
Your +7 spectral war axe misses the orc high priest.
The soul eater closely misses your +7 spectral war axe.
You barely miss the orc warrior.
The orc warrior is severely wounded.
You slash the orc warlord!
Your +7 spectral war axe hits the orc warlord!!
Your +7 spectral war axe hits the soul eater!
Your +7 spectral war axe hits the orc warrior!
Your +7 spectral war axe hits the orc high priest!
Your +7 spectral war axe barely misses the orc knight.
Your +7 spectral war axe closely misses the orc high priest.
The orc warrior hits you from afar with a +0 glaive!!
An orc warrior comes into view. It is wielding a +0 war axe.
The orc knight hits your +7 spectral war axe but does no damage.
You block the orc warlord's attack.
The orc warlord hits your +7 spectral war axe with a +1 war axe!
Your spectral weapon shares its damage with you!
The orc high priest hits you from afar with a +0 halberd.
The orc high priest hits you but does no damage.
You block the orc warrior's attack.
The ice devil hits the fungus!
The ice devil freezes the fungus!
25025 ||| READING 9 scrolls of teleportation.
As you read the scroll of teleportation, it crumbles to dust.
You feel strangely unstable.
A nearby fungus withers and dies.
You block the orc high priest's attack.
The orc warlord hits you with a +1 war axe!
The orc warrior barely misses you. You block the orc high priest's attack.
25026 ||| DRINKING 4 potions of heal wounds.
You feel much better. You block the soul eater's attack.
You block the orc high priest's attack.
The orc knight hits you but does no damage.
The orc warlord hits you with a +1 war axe!!
You die...

..............#
........##......#.......
......#.##.........P....
..............#.....o...
...##.#.......#.....o...
.......##+##....3.3.o.\.
.......# #....ooo.....
......## ##.)3oo...8.
......# ##...@oo4....
......######.$..#3.P....
........#...............
......#......#..........
...<..........#..#.##...
..................## #.
...................#
..........##......##
..............#...#


You could see an orc warlord (strong), an orc knight (strong), 2 soul eaters, 2
orc high priests, an ice devil (summoned), a smoke demon (summoned), a ynoxinul
(summoned), 4 orc warriors and 2 orcs.

Vanquished Creatures
  Gastronok (Lair:1)
  A very ugly thing (D:15)
  An entropy weaver (shapeshifter) (D:14)
  A fire dragon (Lair:1)
  A great orb of eyes (D:15)
  2 hydras
  2 catoblepae
  4 vault guards
  3 centaur warriors
  2 boulder beetles
  6 two-headed ogres
  2 death knights (D:13)
  4 death yaks
  4 orc high priests
  2 tengu warriors
  Nergalle (Lair:1)
  Sonja (Lair:5)
  5 skeletal warriors
  A goliath frog (Lair:5)
  A wizard (D:14)
  4 orc knights
  A harpy (shapeshifter) (D:13)
  3 orc sorcerers (Orc:2)
  4 deep elf pyromancers
  5 manticores
  5 ugly things
  5 cyclopes
  Joseph (Lair:1)
  12 elephants
  2 merfolk sirens (Lair:2)
  4 black mambas
  A torpor snail (Lair:3)
  23 cane toads
  3 unseen horrors
  2 gargoyles
  Psyche (D:9)
  Maggie (D:9)
  2 freezing wraiths
  8 komodo dragons
  8 rime drakes
  A kobold demonologist (D:14)
  A tengu conjurer (D:15)
  6 meliai
  A tyrant leech (shapeshifter) (D:15)
  4 trolls
  2 merfolk (Lair:2)
  A wind drake (shapeshifter) (D:14)
  2 tyrant leeches (Lair:5)
  2 polar bears (Lair:4)
  A hornet (D:8)
  A hornet (shapeshifter) (D:15)
  20 blink frogs
  11 slime creatures
  10 dream sheep
  A shadow (D:13)
  34 yaks
  5 wyverns
  2 wraiths
  4 basilisks
  15 vampire mosquitoes
  Menkaure (D:4)
  4 steam dragons
  5 wargs
  Edmund (D:5)
  3 acid dragons
  21 water moccasins
  14 orc warriors
  11 black bears
  3 ice beasts
  5 ogres
  11 centaurs
  3 kobold brigands
  12 bullfrogs
  A necrophage (D:5)
  A gnoll sergeant (D:7)
  A scorpion (D:5)
  7 wights
  9 killer bees
  4 electric eels
  13 howler monkeys
  4 hounds
  3 gnoll boudas
  8 orc priests
  4 iguanas
  Natasha (D:2)
  13 orc wizards
  28 gnolls
  15 adders
  2 shadow imps (D:5)
  2 white imps
  An ufetubus (D:6)
  2 worms
  8 dart slugs
  49 orcs
  5 bats
  9 endoplasms
  6 giant cockroaches
  9 goblins
  12 hobgoblins
  6 jackals
  4 quokkas
  4 ball pythons (D:4)
  4 frilled lizards
  21 kobolds
  7 rats
621 creatures vanquished.

Vanquished Creatures (others)
  46 fungi
  121 plants
167 creatures vanquished.

Grand Total: 788 creatures vanquished

Notes
Turn   | Place    | Note
-------+----------+-------------------------------------------
     0 | D:1      | qw the Gargoyle Fighter began the quest for the Orb.
     0 | D:1      | Reached XP level 1. HP: 14/14 MP: 1/1
     0 | D:1      | 0 ||| qw: Version: 0.2-a-12-gaebbb33
     0 | D:1      | 0 ||| qw: Game counter: 753
     0 | D:1      | 0 ||| qw: Always use a shield: true
     0 | D:1      | 0 ||| qw: God list: Okawaru
     0 | D:1      | 0 ||| qw: Allow faded altars: false
     0 | D:1      | 0 ||| qw: Do Orc after D:15 true
     0 | D:1      | 0 ||| qw: Do second Lair branch before Depths: true
     0 | D:1      | 0 ||| qw: Lair rune preference: random
     0 | D:1      | 0 ||| qw: Plans: Normal, Zot:1-4, God:TSO, Crypt, Tomb,
                  | Pan, Slime:5, Hells, Abyss, Orb
     0 | D:1      | 0 ||| PLANNING D:1-11
    15 | D:1      | Reached skill level 2 in Axes
    24 | D:1      | 24 ||| Stepping ~*~*~tactically~*~*~ (stealth).
    25 | D:1      | 25 ||| Stepping ~*~*~tactically~*~*~ (stealth).
    27 | D:1      | 27 ||| Stepping ~*~*~tactically~*~*~ (stealth).
   131 | D:1      | 131 ||| Stepping ~*~*~tactically~*~*~ (stealth).
   132 | D:1      | 132 ||| Stepping ~*~*~tactically~*~*~ (stealth).
   140 | D:1      | Reached XP level 2. HP: 19/19 MP: 2/2
   396 | D:1      | Reached skill level 3 in Axes
   414 | D:1      | Reached XP level 3. HP: 17/23 MP: 3/3
   518 | D:1      | 518 ||| DROPPING +0 club.
   542 | D:1      | Found a faded altar of an unknown god.
   607 | D:1      | 607 ||| DROPPING +0 whip.
   622 | D:1      | 622 ||| Stepping ~*~*~tactically~*~*~ (stealth).
   805 | D:1      | 805 ||| READING 4 scrolls labelled AWYNEJ KEFO.
   806 | D:1      | 806 ||| READING 3 scrolls labelled BALAAN YREHO.
   809 | D:1      | 809 ||| READING scroll labelled GETEGR KA BEJO.
   810 | D:1      | 810 ||| READING scroll labelled ETYCLAPTAA.
   811 | D:1      | 811 ||| READING scroll labelled WISSAY KEYTOAG.
   812 | D:1      | 812 ||| DRINKING 2 golden potions.
   813 | D:1      | 813 ||| DROPPING 3 scrolls of blinking.
   942 | D:2      | 942 ||| Stepping ~*~*~tactically~*~*~ (stealth).
   955 | D:2      | Reached XP level 4. HP: 28/28 MP: 4/4
   959 | D:2      | 959 ||| Stepping ~*~*~tactically~*~*~ (stealth).
   969 | D:2      | Reached skill level 4 in Axes
  1062 | D:2      | Identified the +6 chain mail of Poor Excuses {rC+ Will+
                  | Slay+3}
  1066 | D:2      | 1066 ||| READING scroll of enchant weapon.
  1066 | D:2      | 1066 ||| ENCHANTING +1 war axe.
  1105 | D:2      | Found a blossoming altar of Fedhas.
  1443 | D:2      | 1443 ||| Stepping ~*~*~tactically~*~*~ (hiding).
  1588 | D:2      | 1588 ||| Stepping ~*~*~tactically~*~*~ (stealth).
  1589 | D:2      | Noticed Natasha
  1590 | D:2      | 1590 ||| Stepping ~*~*~tactically~*~*~ (stealth).
  1593 | D:2      | 1593 ||| Stepping ~*~*~tactically~*~*~ (hiding).
  1594 | D:2      | 1594 ||| Stepping ~*~*~tactically~*~*~ (hiding).
  1605 | D:2      | HP: 5/28 [Natasha (7)]
  1606 | D:2      | 1606 ||| READING 4 scrolls of teleportation.
  1608 | D:2      | Killed Natasha
  1609 | D:2      | Reached XP level 5. HP: 6/32 MP: 5/5
  1885 | D:2      | 1885 ||| Stepping ~*~*~tactically~*~*~ (stealth).
  1930 | D:2      | 1930 ||| Stepping ~*~*~tactically~*~*~ (stealth).
  2015 | D:2      | Reached skill level 5 in Axes
  2121 | D:2      | 2121 ||| UPGRADING to +6 chain mail of Poor Excuses {rC+
                  | Will+ Slay+3}.
  2131 | D:2      | 2131 ||| DROPPING +0 scale mail.
  2132 | D:2      | 2132 ||| READING scroll labelled UFITIS XOEDO.
  2233 | D:2      | 2233 ||| DRINKING 2 smoky inky potions.
  2336 | D:3      | 2336 ||| Stepping ~*~*~tactically~*~*~ (hiding).
  2487 | D:3      | Reached XP level 6. HP: 38/38 MP: 6/6
  3205 | D:3      | 3205 ||| DROPPING ring of wizardry.
  3206 | D:3      | 3206 ||| READING scroll labelled GUMUDO VOCVOU.
  3270 | D:3      | 3270 ||| DRINKING 2 red potions.
  3270 | D:3      | Gained mutation: You passively dampen the noise of your
                  | surroundings. [potion of mutation]
  3270 | D:3      | Gained mutation: Your mind is acute. (Int +4, Str/Dex -1)
                  | [potion of mutation]
  3270 | D:3      | Gained mutation: You are partially covered in iridescent
                  | scales. (AC +2) [potion of mutation]
  3270 | D:3      | Gained mutation: You are strong-willed. (Will+) [potion of
                  | mutation]
  3271 | D:3      | 3271 ||| DRINKING 2 black potions.
  3272 | D:3      | 3272 ||| READING 3 scrolls of identify.
  3272 | D:3      | 3272 ||| IDENTIFYING metallic ruby potion
  3273 | D:3      | 3273 ||| READING 2 scrolls of identify.
  3273 | D:3      | 3273 ||| IDENTIFYING green potion
  3274 | D:3      | 3274 ||| DROPPING potion of brilliance.
  3275 | D:3      | 3275 ||| DROPPING potion of flight.
  3340 | D:4      | 3340 ||| Stepping ~*~*~tactically~*~*~ (stealth).
  3394 | D:4      | 3394 ||| Stepping ~*~*~tactically~*~*~ (hiding).
  3492 | D:4      | Found a sparkling altar of Nemelex Xobeh.
  3782 | D:4      | Noticed Menkaure
  3790 | D:4      | Killed Menkaure
  3791 | D:4      | Reached skill level 6 in Axes
  3791 | D:4      | Reached XP level 7. HP: 27/43 MP: 7/7
  4053 | D:4      | Found a burning altar of Makhleb.
  4111 | D:4      | Found a runed translucent door.
  4112 | D:4      | Noticed Crazy Yiuf
  4214 | D:4      | 4214 ||| READING scroll labelled QAONUT YMEEN.
  4215 | D:4      | 4215 ||| READING scroll labelled POESOAP WAAMN.
  4216 | D:4      | 4216 ||| READING 2 scrolls labelled AGYCWE APTEUNG.
  4217 | D:4      | 4217 ||| DROPPING scroll of fog.
  4240 | D:5      | Entered Level 5 of the Dungeon
  4241 | D:5      | 4241 ||| PLANNING OSSUARY
  4241 | D:5      | 4241 ||| Stepping ~*~*~tactically~*~*~ (hiding).
  4242 | D:5      | 4242 ||| Stepping ~*~*~tactically~*~*~ (hiding).
  4270 | D:5      | Reached skill level 7 in Axes
  4274 | D:5      | 4274 ||| STAIRDANCE
  4379 | D:5      | 4379 ||| DROPPING +0 flail.
  4406 | D:5      | 4406 ||| Stepping ~*~*~tactically~*~*~ (hiding).
  4455 | D:5      | Noticed Edmund
  4470 | D:5      | Killed Edmund
  4695 | D:5      | Reached skill level 1 in Dodging
  4695 | D:5      | Reached XP level 8. HP: 51/51 MP: 8/8
  4730 | D:5      | 4730 ||| Stepping ~*~*~tactically~*~*~ (stealth).
  4743 | D:5      | 4743 ||| READING scroll of enchant weapon.
  4743 | D:5      | 4743 ||| ENCHANTING +2 war axe.
  4854 | D:5      | Found a staircase to the Ecumenical Temple.
  4894 | D:5      | 4894 ||| UPGRADING to +0 cloak.
  4900 | D:5      | 4900 ||| Stepping ~*~*~tactically~*~*~ (water).
  4909 | D:5      | 4909 ||| READING 8 scrolls of identify.
  4909 | D:5      | 4909 ||| IDENTIFYING purple potion
  4916 | D:5      | 4916 ||| Stepping ~*~*~tactically~*~*~ (hiding).
  5101 | D:5      | 5101 ||| READING 7 scrolls of identify.
  5101 | D:5      | 5101 ||| IDENTIFYING silvery potion
  5228 | D:5      | Reached skill level 8 in Axes
  5356 | D:5      | 5356 ||| RIP OSSUARY
  5356 | D:5      | 5356 ||| RIP SEWER
  5356 | D:5      | 5356 ||| PLANNING TEMPLE
  5359 | D:5      | Reached skill level 6 in Fighting
  5415 | Temple   | Entered the Ecumenical Temple
  5448 | Temple   | 5448 ||| PLANNING OKAWARU WORSHIP
  5627 | Temple   | Became a worshipper of Warmaster Okawaru
  5628 | Temple   | 5628 ||| PLANNING D:1-11
  5760 | D:6      | 5760 ||| Stepping ~*~*~tactically~*~*~ (hiding).
  5764 | D:6      | 5764 ||| Stepping ~*~*~tactically~*~*~ (stealth).
  5935 | D:6      | Reached skill level 1 in Throwing
  5953 | D:6      | 5953 ||| READING scroll of enchant weapon.
  5953 | D:6      | 5953 ||| ENCHANTING +3 war axe.
  6208 | D:6      | Noticed a yak
  6209 | D:6      | 6209 ||| Stepping ~*~*~tactically~*~*~ (stealth).
  6215 | D:6      | Noticed a yak
  6216 | D:6      | 6216 ||| Stepping ~*~*~tactically~*~*~ (stealth).
  6218 | D:6      | Reached XP level 9. HP: 55/55 MP: 9/9
  6225 | D:6      | Reached skill level 9 in Axes
  6278 | D:6      | 6278 ||| Stepping ~*~*~tactically~*~*~ (stealth).
  6292 | D:6      | Reached * piety under Okawaru
  6331 | D:6      | Reached skill level 1 in Invocations
  6471 | D:7      | 6471 ||| INVOKING Heroism.
  6503 | D:7      | 6503 ||| Stepping ~*~*~tactically~*~*~ (hiding).
  6535 | D:7      | 6535 ||| Stepping ~*~*~tactically~*~*~ (stealth).
  6540 | D:7      | Reached skill level 3 in Invocations
  6541 | D:7      | 6541 ||| INVOKING Heroism.
  6563 | D:7      | 6563 ||| FLEEEEING.
  6570 | D:7      | 6570 ||| INVOKING Heroism.
  6573 | D:7      | 6573 ||| FLEEEEING.
  6574 | D:7      | 6574 ||| FLEEEEING.
  6575 | D:7      | 6575 ||| FLEEEEING.
  6576 | D:7      | 6576 ||| Stepping ~*~*~tactically~*~*~ (stealth).
  6578 | D:7      | 6578 ||| FLEEEEING.
  6579 | D:7      | 6579 ||| FLEEEEING.
  6580 | D:7      | 6580 ||| FLEEEEING.
  6581 | D:7      | 6581 ||| FLEEEEING.
  6582 | D:7      | 6582 ||| FLEEEEING.
  6583 | D:7      | 6583 ||| FLEEEEING.
  6584 | D:7      | 6584 ||| FLEEEEING.
  6585 | D:7      | 6585 ||| FLEEEEING.
  6586 | D:7      | 6586 ||| FLEEEEING.
  6587 | D:7      | 6587 ||| FLEEEEING.
  6588 | D:7      | 6588 ||| STAIRDANCE
  6753 | D:7      | 6753 ||| INVOKING Heroism.
  6754 | D:7      | 6754 ||| STAIRDANCE
  6759 | D:6      | Reached skill level 10 in Axes
  6853 | D:7      | Reached ** piety under Okawaru
  6919 | D:7      | 6919 ||| Stepping ~*~*~tactically~*~*~ (stealth).
  7004 | D:7      | Reached XP level 10. HP: 63/63 MP: 13/13
  7070 | D:7      | 7070 ||| Stepping ~*~*~tactically~*~*~ (stealth).
  7072 | D:7      | 7072 ||| INVOKING Heroism.
  7073 | D:7      | 7073 ||| Stepping ~*~*~tactically~*~*~ (cloud).
  7079 | D:7      | 7079 ||| Stepping ~*~*~tactically~*~*~ (hiding).
  7086 | D:7      | 7086 ||| INVOKING Heroism.
  7280 | D:7      | Identified the +11 dire flail of Gapaetac {protect, rC+
                  | Dex+2 Stlth+}
  7282 | D:7      | Noticed qw's ghost (novice GrFi)
  7283 | D:7      | Found a transporter.
  7292 | D:7      | Found a transporter.
  7367 | D:7      | Found Suevug's Antique Armour Boutique.
  7371 | D:7      | 7371 ||| Stepping ~*~*~tactically~*~*~ (stealth).
  7476 | D:7      | 7476 ||| BUYING shiny kite shield (165 gold).
  7476 | D:7      | Bought a shiny kite shield for 165 gold pieces
  7572 | D:7      | 7572 ||| UPGRADING to +2 kite shield of poison resistance.
  7582 | D:7      | 7582 ||| DROPPING +0 buckler.
  7583 | D:7      | 7583 ||| UPGRADING to ring of resist corrosion.
  7584 | D:7      | 7584 ||| READING scroll labelled GOK ZALOKIOM.
  7585 | D:7      | 7585 ||| READING 7 scrolls of identify.
  7585 | D:7      | 7585 ||| IDENTIFYING brown potion
  7586 | D:7      | 7586 ||| DROPPING potion of invisibility.
  7694 | D:8      | Noticed a cyclops
  7695 | D:8      | 7695 ||| INVOKING Heroism.
  7703 | D:8      | Killed a cyclops
  7704 | D:8      | Reached skill level 6 in Shields
  7804 | D:8      | 7804 ||| Stepping ~*~*~tactically~*~*~ (hiding).
  7817 | D:8      | 7817 ||| Stepping ~*~*~tactically~*~*~ (hiding).
  7818 | D:8      | 7818 ||| INVOKING Heroism.
  7885 | D:8      | 7885 ||| Stepping ~*~*~tactically~*~*~ (stealth).
  7887 | D:8      | 7887 ||| Stepping ~*~*~tactically~*~*~ (stealth).
  7889 | D:8      | 7889 ||| INVOKING Heroism.
  7920 | D:8      | 7920 ||| Stepping ~*~*~tactically~*~*~ (hiding).
  8028 | D:8      | 8028 ||| Stepping ~*~*~tactically~*~*~ (stealth).
  8030 | D:8      | 8030 ||| Stepping ~*~*~tactically~*~*~ (hiding).
  8035 | D:8      | 8035 ||| INVOKING Heroism.
  8064 | D:8      | 8064 ||| INVOKING Heroism.
  8155 | D:8      | 8155 ||| INVOKING Heroism.
  8263 | D:8      | Found Qasenwim's Antique Weapon Boutique.
  8268 | D:8      | 8268 ||| UPGRADING to +0 pair of boots.
  8273 | D:8      | 8273 ||| UPGRADING to +0 helmet.
  8315 | D:9      | Reached *** piety under Okawaru
  8351 | D:9      | Found Xiuvoul's Assorted Antiques.
  8354 | D:9      | 8354 ||| BUYING large blue amulet (115 gold).
  8354 | D:9      | Bought a large blue amulet for 115 gold pieces
  8354 | D:9      | 8354 ||| BUYING scroll of enchant weapon (172 gold).
  8354 | D:9      | Bought a scroll of enchant weapon for 172 gold pieces
  8354 | D:9      | 8354 ||| READING scroll of enchant weapon.
  8354 | D:9      | 8354 ||| ENCHANTING +4 war axe.
  8395 | D:9      | 8395 ||| INVOKING Heroism.
  8506 | D:9      | 8506 ||| READING scroll of enchant weapon.
  8506 | D:9      | 8506 ||| ENCHANTING +5 war axe.
  8553 | D:9      | 8553 ||| Stepping ~*~*~tactically~*~*~ (hiding).
  8556 | D:9      | 8556 ||| INVOKING Heroism.
  8757 | D:9      | Found a transporter.
  8757 | D:9      | Found a one-way gate to the infinite horrors of the Abyss.
  8757 | D:9      | Noticed Fiuqy's ghost (novice DrTm)
  8767 | D:9      | Noticed Psyche
  8768 | D:9      | 8768 ||| INVOKING Heroism.
  8773 | D:9      | Killed Psyche
  8774 | D:9      | Reached skill level 3 in Throwing
  8799 | D:9      | Found a transporter.
  8819 | D:9      | Noticed a great orb of eyes
  8914 | D:9      | Found a radiant altar of Vehumet.
  8914 | D:9      | Found a stormy altar of Qazlal.
  9102 | D:9      | Noticed Maggie
  9114 | D:9      | Killed Maggie
  9115 | D:9      | Reached XP level 11. HP: 48/68 MP: 14/14
  9211 | D:9      | 9211 ||| DROPPING +1 flail of protection.
  9228 | D:9      | Reached skill level 9 in Shields
  9296 | D:9      | Noticed an eight-headed hydra
  9298 | D:9      | Noticed a centaur warrior
  9299 | D:9      | 9299 ||| Stepping ~*~*~tactically~*~*~ (hiding).
  9301 | D:9      | 9301 ||| Stepping ~*~*~tactically~*~*~ (hiding).
  9302 | D:9      | 9302 ||| INVOKING Heroism.
  9303 | D:9      | 9303 ||| Stepping ~*~*~tactically~*~*~ (hiding).
  9304 | D:9      | 9304 ||| SWAPPING to +0 morningstar.
  9307 | D:9      | HP: 8/68 [eight-headed hydra (12)]
  9308 | D:9      | 9308 ||| READING 5 scrolls of teleportation.
  9309 | D:9      | 9309 ||| DRINKING 4 potions of heal wounds.
  9310 | D:9      | 9310 ||| DRINKING 3 potions of heal wounds.
  9313 | D:9      | 9313 ||| SWAPPING to +6 war axe.
  9496 | D:9      | 9496 ||| Stepping ~*~*~tactically~*~*~ (stealth).
  9523 | D:9      | 9523 ||| READING scroll of enchant weapon.
  9523 | D:9      | 9523 ||| ENCHANTING +6 war axe.
  9605 | D:9      | Killed a centaur warrior
  9605 | D:9      | Reached **** piety under Okawaru
  9606 | D:9      | Reached skill level 6 in Armour
  9718 | D:9      | 9718 ||| DROPPING amulet of guardian spirit.
  9719 | D:9      | 9719 ||| UPGRADING to amulet of reflection.
  9724 | D:9      | 9724 ||| READING scroll labelled ODAOSE TOVU.
  9731 | D:10     | Entered Level 10 of the Dungeon
  9750 | D:10     | Noticed a two-headed ogre
  9751 | D:10     | 9751 ||| INVOKING Heroism.
  9752 | D:10     | Noticed a two-headed ogre
  9759 | D:10     | Killed a two-headed ogre
  9766 | D:10     | Killed a two-headed ogre
 10023 | D:10     | Received a gift from Okawaru
 10135 | D:10     | 10135 ||| INVOKING Heroism.
 10157 | D:10     | Reached skill level 6 in Invocations
 10382 | D:10     | Found a staircase to the Lair.
 10392 | D:10     | Reached ***** piety under Okawaru
 10426 | D:10     | 10426 ||| Stepping ~*~*~tactically~*~*~ (stealth).
 10430 | D:10     | 10430 ||| INVOKING Heroism.
 10754 | D:10     | Noticed a two-headed ogre
 10755 | D:10     | 10755 ||| INVOKING Heroism.
 10762 | D:10     | Killed a two-headed ogre
 10762 | D:10     | Received a gift from Okawaru
 10763 | D:10     | Reached skill level 11 in Axes
 10777 | D:10     | Noticed a death yak
 10778 | D:10     | 10778 ||| Stepping ~*~*~tactically~*~*~ (stealth).
 10862 | D:10     | 10862 ||| INVOKING Heroism.
 10863 | D:10     | 10863 ||| INVOKING Finesse.
 10868 | D:10     | Killed a death yak
 11010 | D:10     | 11010 ||| PLANNING LAIR
 11010 | D:10     | 11010 ||| READING scroll labelled MEGAESH FINEF.
 11011 | D:10     | 11011 ||| READING scroll labelled DIDAOKOT FENE.
 11042 | Lair:1   | Entered Level 1 of the Lair of Beasts
 11049 | Lair:1   | 11049 ||| INVOKING Heroism.
 11072 | Lair:1   | 11072 ||| Stepping ~*~*~tactically~*~*~ (stealth).
 11075 | Lair:1   | 11075 ||| INVOKING Heroism.
 11156 | Lair:1   | Noticed Joseph
 11157 | Lair:1   | 11157 ||| Stepping ~*~*~tactically~*~*~ (hiding).
 11165 | Lair:1   | Killed Joseph
 11166 | Lair:1   | Reached XP level 12. HP: 68/73 MP: 12/18
 11243 | Lair:1   | Noticed Gastronok
 11244 | Lair:1   | 11244 ||| INVOKING Heroism.
 11259 | Lair:1   | Killed Gastronok
 11288 | Lair:1   | 11288 ||| Stepping ~*~*~tactically~*~*~ (hiding).
 11325 | Lair:1   | 11325 ||| Stepping ~*~*~tactically~*~*~ (stealth).
 11452 | Lair:1   | Noticed Nergalle
 11453 | Lair:1   | 11453 ||| INVOKING Heroism.
 11459 | Lair:1   | Killed Nergalle
 11460 | Lair:1   | Reached skill level 9 in Invocations
 11528 | Lair:1   | Noticed a boulder beetle
 11529 | Lair:1   | 11529 ||| INVOKING Heroism.
 11530 | Lair:1   | 11530 ||| INVOKING Finesse.
 11546 | Lair:1   | Killed a boulder beetle
 11546 | Lair:1   | Received a gift from Okawaru
 11694 | Lair:1   | 11694 ||| Stepping ~*~*~tactically~*~*~ (stealth).
 11740 | Lair:1   | 11740 ||| INVOKING Heroism.
 11755 | Lair:1   | 11755 ||| Stepping ~*~*~tactically~*~*~ (stealth).
 11756 | Lair:1   | 11756 ||| Stepping ~*~*~tactically~*~*~ (stealth).
 11761 | Lair:1   | 11761 ||| Stepping ~*~*~tactically~*~*~ (stealth).
 11766 | Lair:1   | 11766 ||| Stepping ~*~*~tactically~*~*~ (stealth).
 11796 | Lair:1   | 11796 ||| Stepping ~*~*~tactically~*~*~ (stealth).
 11852 | Lair:1   | Reached skill level 9 in Fighting
 11934 | Lair:1   | 11934 ||| INVOKING Heroism.
 11935 | Lair:1   | 11935 ||| Stepping ~*~*~tactically~*~*~ (stealth).
 11936 | Lair:1   | 11936 ||| Stepping ~*~*~tactically~*~*~ (stealth).
 12160 | Lair:1   | 12160 ||| INVOKING Heroism.
 12168 | Lair:1   | 12168 ||| Stepping ~*~*~tactically~*~*~ (stealth).
 12202 | Lair:1   | 12202 ||| Stepping ~*~*~tactically~*~*~ (stealth).
 12241 | Lair:1   | Noticed a fire dragon
 12242 | Lair:1   | 12242 ||| INVOKING Heroism.
 12243 | Lair:1   | 12243 ||| INVOKING Finesse.
 12261 | Lair:1   | Killed a fire dragon
 12354 | Lair:1   | Received a gift from Okawaru
 12471 | Lair:2   | 12471 ||| Stepping ~*~*~tactically~*~*~ (hiding).
 12495 | Lair:2   | 12495 ||| Stepping ~*~*~tactically~*~*~ (stealth).
 12508 | Lair:2   | Reached skill level 12 in Axes
 12511 | Lair:2   | 12511 ||| INVOKING Heroism.
 12540 | Lair:2   | Reached XP level 13. HP: 57/80 MP: 20/20
 12558 | Lair:2   | 12558 ||| Stepping ~*~*~tactically~*~*~ (stealth).
 12607 | Lair:2   | 12607 ||| FLEEEEING.
 12608 | Lair:2   | 12608 ||| FLEEEEING.
 12709 | Lair:2   | 12709 ||| Stepping ~*~*~tactically~*~*~ (stealth).
 12711 | Lair:2   | 12711 ||| INVOKING Heroism.
 12810 | Lair:2   | Received a gift from Okawaru
 12855 | Lair:2   | 12855 ||| Stepping ~*~*~tactically~*~*~ (stealth).
 12856 | Lair:2   | 12856 ||| Stepping ~*~*~tactically~*~*~ (stealth).
 12956 | Lair:2   | 12956 ||| Stepping ~*~*~tactically~*~*~ (stealth).
 13049 | Lair:2   | 13049 ||| Stepping ~*~*~tactically~*~*~ (stealth).
 13050 | Lair:2   | 13050 ||| INVOKING Heroism.
 13051 | Lair:2   | 13051 ||| Stepping ~*~*~tactically~*~*~ (stealth).
 13052 | Lair:2   | 13052 ||| INVOKING Finesse.
 13056 | Lair:2   | 13056 ||| Stepping ~*~*~tactically~*~*~ (stealth).
 13060 | Lair:2   | 13060 ||| Stepping ~*~*~tactically~*~*~ (stealth).
 13155 | Lair:2   | Found a staircase to the Snake Pit.
 13195 | Lair:2   | Found a staircase to the Shoals.
 13264 | Lair:2   | 13264 ||| INVOKING Heroism.
 13414 | Lair:2   | 13414 ||| INVOKING Heroism.
 13415 | Lair:2   | 13415 ||| INVOKING Finesse.
 13423 | Lair:2   | Reached skill level 13 in Axes
 13626 | Lair:2   | 13626 ||| Stepping ~*~*~tactically~*~*~ (stealth).
 13627 | Lair:2   | 13627 ||| Stepping ~*~*~tactically~*~*~ (stealth).
 13660 | Lair:2   | 13660 ||| Stepping ~*~*~tactically~*~*~ (stealth).
 13661 | Lair:2   | 13661 ||| Stepping ~*~*~tactically~*~*~ (stealth).
 13662 | Lair:2   | 13662 ||| Stepping ~*~*~tactically~*~*~ (stealth).
 13663 | Lair:2   | 13663 ||| Stepping ~*~*~tactically~*~*~ (stealth).
 13867 | Lair:2   | 13867 ||| DROPPING scarf of harm.
 13868 | Lair:2   | 13868 ||| UPGRADING to +6 ring of dexterity.
 13951 | Lair:3   | 13951 ||| INVOKING Heroism.
 13953 | Lair:3   | 13953 ||| Stepping ~*~*~tactically~*~*~ (stealth).
 14161 | Lair:3   | Reached skill level 3 in Dodging
 14237 | Lair:3   | 14237 ||| Stepping ~*~*~tactically~*~*~ (stealth).
 14239 | Lair:3   | 14239 ||| Stepping ~*~*~tactically~*~*~ (stealth).
 14240 | Lair:3   | 14240 ||| Stepping ~*~*~tactically~*~*~ (stealth).
 14469 | Lair:3   | 14469 ||| INVOKING Heroism.
 14470 | Lair:3   | 14470 ||| INVOKING Finesse.
 14472 | Lair:3   | 14472 ||| SWAPPING to +0 morningstar.
 14474 | Lair:3   | 14474 ||| Stepping ~*~*~tactically~*~*~ (outnumbered).
 14475 | Lair:3   | 14475 ||| Stepping ~*~*~tactically~*~*~ (outnumbered).
 14476 | Lair:3   | 14476 ||| Stepping ~*~*~tactically~*~*~ (outnumbered).
 14477 | Lair:3   | 14477 ||| Stepping ~*~*~tactically~*~*~ (outnumbered).
 14478 | Lair:3   | 14478 ||| Stepping ~*~*~tactically~*~*~ (outnumbered).
 14480 | Lair:3   | 14480 ||| Stepping ~*~*~tactically~*~*~ (outnumbered).
 14481 | Lair:3   | 14481 ||| Stepping ~*~*~tactically~*~*~ (outnumbered).
 14484 | Lair:3   | 14484 ||| Stepping ~*~*~tactically~*~*~ (outnumbered).
 14491 | Lair:3   | 14491 ||| SWAPPING to +7 war axe.
 14507 | Lair:3   | HP: 19/82 [elephant (5)]
 14508 | Lair:3   | 14508 ||| READING 10 scrolls of teleportation.
 14509 | Lair:3   | 14509 ||| DRINKING 2 potions of heal wounds.
 14734 | Lair:3   | 14734 ||| INVOKING Heroism.
 14989 | Lair:4   | 14989 ||| INVOKING Heroism.
 14990 | Lair:4   | 14990 ||| INVOKING Finesse.
 15175 | Lair:4   | 15175 ||| INVOKING Heroism.
 15176 | Lair:4   | 15176 ||| INVOKING Finesse.
 15218 | Lair:4   | 15218 ||| INVOKING Heroism.
 15236 | Lair:4   | 15236 ||| INVOKING Finesse.
 15240 | Lair:4   | 15240 ||| INVOKING Heroism.
 15247 | Lair:4   | Received a gift from Okawaru
 15393 | Lair:4   | 15393 ||| INVOKING Heroism.
 15397 | Lair:4   | 15397 ||| Stepping ~*~*~tactically~*~*~ (stealth).
 15409 | Lair:4   | 15409 ||| Stepping ~*~*~tactically~*~*~ (stealth).
 15410 | Lair:4   | Found a runed translucent gate.
 15410 | Lair:4   | Found a runed translucent gate.
 15410 | Lair:4   | Found a runed translucent gate.
 15421 | Lair:4   | Noticed qw's ghost (journeyman GrFi)
 15455 | Lair:4   | 15455 ||| INVOKING Heroism.
 15489 | Lair:4   | Reached skill level 14 in Axes
 15567 | Lair:4   | 15567 ||| Stepping ~*~*~tactically~*~*~ (stealth).
 15568 | Lair:4   | 15568 ||| Stepping ~*~*~tactically~*~*~ (stealth).
 15569 | Lair:4   | 15569 ||| INVOKING Heroism.
 15591 | Lair:4   | Reached skill level 9 in Armour
 15591 | Lair:4   | Gained mutation: Your large and strong wings let you fly.
                  | [Gargoyle growth]
 15591 | Lair:4   | Reached XP level 14. HP: 88/88 MP: 21/21
 15640 | Lair:4   | Identified the +8 short sword of the Spectre {freeze, rElec
                  | Str+7 Int-3}
 16239 | Lair:4   | 16239 ||| UPGRADING to scarf of repulsion.
 16249 | Lair:4   | 16249 ||| READING scroll labelled DIKOYC HI FACS.
 16249 | Lair:4   | Identified a scroll of acquirement
 16249 | Lair:4   | 16249 ||| ACQUIRING ring "Correcso" {AC+4 Dex+4}
 16249 | Lair:4   | Acquired the ring "Correcso" {AC+4 Dex+4}
 16251 | Lair:4   | 16251 ||| UPGRADING to ring "Correcso" {AC+4 Dex+4}.
 16253 | Lair:4   | 16253 ||| DRINKING 2 cyan potions.
 16254 | Lair:4   | 16254 ||| DROPPING potion of degeneration.
 16270 | Lair:5   | Entered Level 5 of the Lair of Beasts
 16342 | Lair:5   | 16342 ||| INVOKING Heroism.
 16369 | Lair:5   | 16369 ||| Stepping ~*~*~tactically~*~*~ (stealth).
 16372 | Lair:5   | 16372 ||| Stepping ~*~*~tactically~*~*~ (stealth).
 16394 | Lair:5   | 16394 ||| Stepping ~*~*~tactically~*~*~ (stealth).
 16430 | Lair:5   | 16430 ||| Stepping ~*~*~tactically~*~*~ (stealth).
 16431 | Lair:5   | 16431 ||| Stepping ~*~*~tactically~*~*~ (stealth).
 16432 | Lair:5   | 16432 ||| Stepping ~*~*~tactically~*~*~ (stealth).
 16433 | Lair:5   | 16433 ||| Stepping ~*~*~tactically~*~*~ (stealth).
 16440 | Lair:5   | 16440 ||| INVOKING Heroism.
 16464 | Lair:5   | 16464 ||| Stepping ~*~*~tactically~*~*~ (stealth).
 16482 | Lair:5   | 16482 ||| Stepping ~*~*~tactically~*~*~ (stealth).
 16483 | Lair:5   | 16483 ||| Stepping ~*~*~tactically~*~*~ (stealth).
 16484 | Lair:5   | 16484 ||| Stepping ~*~*~tactically~*~*~ (stealth).
 16486 | Lair:5   | 16486 ||| Stepping ~*~*~tactically~*~*~ (stealth).
 16491 | Lair:5   | Noticed Sonja
 16501 | Lair:5   | 16501 ||| Stepping ~*~*~tactically~*~*~ (stealth).
 16508 | Lair:5   | Killed Sonja
 16523 | Lair:5   | 16523 ||| Stepping ~*~*~tactically~*~*~ (stealth).
 16669 | Lair:5   | 16669 ||| INVOKING Heroism.
 16697 | Lair:5   | Reached skill level 12 in Shields
 16727 | Lair:5   | 16727 ||| Stepping ~*~*~tactically~*~*~ (stealth).
 16729 | Lair:5   | 16729 ||| Stepping ~*~*~tactically~*~*~ (stealth).
 16741 | Lair:5   | Identified the +0 robe of the Equinox {rC++ Regen+ Slay+2}
 16778 | Lair:5   | 16778 ||| Stepping ~*~*~tactically~*~*~ (stealth).
 16783 | Lair:5   | 16783 ||| INVOKING Heroism.
 16828 | Lair:5   | 16828 ||| INVOKING Finesse.
 16833 | Lair:5   | 16833 ||| SWAPPING to +0 morningstar.
 16834 | Lair:5   | 16834 ||| INVOKING Heroism.
 16835 | Lair:5   | 16835 ||| SWAPPING to +7 war axe.
 16836 | Lair:5   | 16836 ||| SWAPPING to +0 morningstar.
 16841 | Lair:5   | 16841 ||| SWAPPING to +7 war axe.
 16911 | Lair:5   | 16911 ||| Stepping ~*~*~tactically~*~*~ (stealth).
 16920 | Lair:5   | 16920 ||| READING scroll of enchant armour.
 16920 | Lair:5   | 16920 ||| ENCHANTING +0 helmet.
 17017 | Lair:5   | Identified the +5 hand axe of the Ecumenical Temple {venom,
                  | *Rage Int+3 Stlth+}
 17041 | Lair:5   | Found a staircase to the Slime Pits.
 17373 | Lair:5   | 17373 ||| PLANNING D:1-11
 17373 | Lair:5   | 17373 ||| DROPPING amulet of faith.
 17374 | Lair:5   | 17374 ||| UPGRADING to ring of see invisible.
 17376 | Lair:5   | 17376 ||| READING 4 scrolls labelled FUACEA QARIBU.
 17377 | Lair:5   | 17377 ||| DROPPING 3 scrolls of magic mapping.
 17495 | D:11     | 17495 ||| Stepping ~*~*~tactically~*~*~ (stealth).
 17500 | D:11     | 17500 ||| INVOKING Heroism.
 17503 | D:11     | 17503 ||| Stepping ~*~*~tactically~*~*~ (stealth).
 17523 | D:11     | Found a staircase to the Orcish Mines.
 17564 | D:11     | Received a gift from Okawaru
 17569 | D:11     | 17569 ||| Stepping ~*~*~tactically~*~*~ (stealth).
 17584 | D:11     | 17584 ||| INVOKING Heroism.
 17585 | D:11     | 17585 ||| INVOKING Finesse.
 17608 | D:11     | Reached skill level 15 in Axes
 17617 | D:11     | 17617 ||| Stepping ~*~*~tactically~*~*~ (stealth).
 17689 | D:11     | 17689 ||| Stepping ~*~*~tactically~*~*~ (hiding).
 17690 | D:11     | 17690 ||| INVOKING Heroism.
 18151 | D:11     | 18151 ||| Stepping ~*~*~tactically~*~*~ (stealth).
 18411 | D:11     | 18411 ||| PLANNING D
 18442 | D:12     | 18442 ||| INVOKING Heroism.
 18509 | D:12     | Received a gift from Okawaru
 18690 | D:12     | 18690 ||| Stepping ~*~*~tactically~*~*~ (stealth).
 18803 | D:12     | 18803 ||| DROPPING +0 cloak.
 18804 | D:12     | 18804 ||| READING 9 scrolls of identify.
 18804 | D:12     | 18804 ||| IDENTIFYING fuming blue potion
 18824 | D:13     | 18824 ||| INVOKING Heroism.
 18834 | D:13     | Reached skill level 12 in Fighting
 18934 | D:13     | 18934 ||| INVOKING Heroism.
 19178 | D:13     | 19178 ||| INVOKING Heroism.
 19201 | D:13     | Reached XP level 15. HP: 96/96 MP: 22/22
 19211 | D:13     | 19211 ||| INVOKING Heroism.
 19224 | D:13     | 19224 ||| Stepping ~*~*~tactically~*~*~ (stealth).
 19227 | D:13     | 19227 ||| Stepping ~*~*~tactically~*~*~ (hiding).
 19239 | D:13     | Identified the +4 hand axe of Bread {vorpal, +Blink rPois
                  | Int-4 Dex+5} (Okawaru gifted it to you on level 13 of the
                  | Dungeon)
 19239 | D:13     | Received a gift from Okawaru
 19246 | D:13     | 19246 ||| INVOKING Heroism.
 19247 | D:13     | HP: 16/96 [vault guard/+1 long sword of distortion (13)]
 19248 | D:13     | 19248 ||| FLEEEEING.
 19249 | D:13     | 19249 ||| FLEEEEING.
 19250 | D:13     | 19250 ||| FLEEEEING.
 19251 | D:13     | 19251 ||| FLEEEEING.
 19252 | D:13     | 19252 ||| FLEEEEING.
 19253 | D:13     | 19253 ||| FLEEEEING.
 19254 | D:13     | 19254 ||| FLEEEEING.
 19255 | D:13     | 19255 ||| FLEEEEING.
 19256 | D:13     | 19256 ||| FLEEEEING.
 19257 | D:13     | 19257 ||| FLEEEEING.
 19258 | D:13     | 19258 ||| FLEEEEING.
 19259 | D:13     | 19259 ||| FLEEEEING.
 19260 | D:13     | 19260 ||| FLEEEEING.
 19268 | D:13     | 19268 ||| FLEEEEING.
 19269 | D:13     | 19269 ||| FLEEEEING.
 19270 | D:13     | 19270 ||| FLEEEEING.
 19274 | D:13     | 19274 ||| FLEEEEING.
 19278 | D:13     | 19278 ||| FLEEEEING.
 19279 | D:13     | 19279 ||| FLEEEEING.
 19280 | D:13     | 19280 ||| FLEEEEING.
 19281 | D:13     | 19281 ||| STAIRDANCE
 19555 | D:13     | 19555 ||| INVOKING Heroism.
 19556 | D:13     | 19556 ||| STAIRDANCE
 19705 | D:13     | 19705 ||| STAIRDANCE
 19714 | D:12     | 19714 ||| INVOKING Heroism.
 19874 | D:13     | Reached skill level 16 in Axes
 19971 | D:13     | 19971 ||| INVOKING Heroism.
 20096 | D:13     | 20096 ||| FLEEEEING.
 20097 | D:13     | 20097 ||| FLEEEEING.
 20098 | D:13     | 20098 ||| FLEEEEING.
 20107 | D:13     | 20107 ||| STAIRDANCE
 20231 | D:13     | 20231 ||| INVOKING Heroism.
 20234 | D:13     | HP: 22/96 [death knight/+1 battleaxe (14)]
 20235 | D:13     | 20235 ||| READING 9 scrolls of teleportation.
 20236 | D:13     | 20236 ||| DRINKING 3 potions of heal wounds.
 20540 | D:13     | 20540 ||| Stepping ~*~*~tactically~*~*~ (hiding).
 20811 | D:13     | Found a gate to the Vaults.
 20956 | D:13     | 20956 ||| DROPPING +6 ring of dexterity.
 20991 | D:14     | 20991 ||| Stepping ~*~*~tactically~*~*~ (hiding).
 21190 | D:14     | 21190 ||| Stepping ~*~*~tactically~*~*~ (hiding).
 21478 | D:14     | 21478 ||| INVOKING Finesse.
 21702 | D:14     | 21702 ||| INVOKING Heroism.
 21704 | D:14     | Received a gift from Okawaru
 22113 | D:14     | 22113 ||| Stepping ~*~*~tactically~*~*~ (hiding).
 22118 | D:14     | 22118 ||| Stepping ~*~*~tactically~*~*~ (hiding).
 22178 | D:14     | 22178 ||| Stepping ~*~*~tactically~*~*~ (stealth).
 22480 | D:14     | 22480 ||| READING scroll labelled VOKUSYLIDGH.
 22520 | D:15     | Entered Level 15 of the Dungeon
 22585 | D:15     | Received a gift from Okawaru
 22691 | D:15     | 22691 ||| Stepping ~*~*~tactically~*~*~ (hiding).
 22827 | D:15     | Found a glowing silver altar of Zin.
 23069 | D:15     | 23069 ||| Stepping ~*~*~tactically~*~*~ (hiding).
 23071 | D:15     | 23071 ||| Stepping ~*~*~tactically~*~*~ (hiding).
 23072 | D:15     | 23072 ||| Stepping ~*~*~tactically~*~*~ (hiding).
 23073 | D:15     | 23073 ||| INVOKING Heroism.
 23080 | D:15     | 23080 ||| Stepping ~*~*~tactically~*~*~ (stealth).
 23081 | D:15     | 23081 ||| Stepping ~*~*~tactically~*~*~ (stealth).
 23253 | D:15     | 23253 ||| INVOKING Heroism.
 23440 | D:15     | 23440 ||| Stepping ~*~*~tactically~*~*~ (hiding).
 23447 | D:15     | Identified the +1 chain mail of Syndicalism {Rampage rF+}
                  | (Okawaru gifted it to you on level 15 of the Dungeon)
 23447 | D:15     | Received a gift from Okawaru
 23452 | D:15     | 23452 ||| FLEEEEING.
 23455 | D:15     | 23455 ||| INVOKING Heroism.
 23612 | D:15     | Found a staircase to the Depths.
 23787 | D:15     | 23787 ||| Stepping ~*~*~tactically~*~*~ (hiding).
 24070 | D:15     | 24070 ||| PLANNING ORC
 24194 | Orc:1    | Entered Level 1 of the Orcish Mines
 24235 | Orc:1    | 24235 ||| INVOKING Heroism.
 24237 | Orc:1    | 24237 ||| Stepping ~*~*~tactically~*~*~ (stealth).
 24271 | Orc:1    | 24271 ||| Stepping ~*~*~tactically~*~*~ (stealth).
 24295 | Orc:1    | 24295 ||| Stepping ~*~*~tactically~*~*~ (stealth).
 24384 | Orc:1    | 24384 ||| Stepping ~*~*~tactically~*~*~ (stealth).
 24391 | Orc:1    | 24391 ||| Stepping ~*~*~tactically~*~*~ (hiding).
 24394 | Orc:1    | 24394 ||| Stepping ~*~*~tactically~*~*~ (hiding).
 24397 | Orc:1    | 24397 ||| Stepping ~*~*~tactically~*~*~ (hiding).
 24407 | Orc:1    | 24407 ||| Stepping ~*~*~tactically~*~*~ (stealth).
 24412 | Orc:1    | 24412 ||| Stepping ~*~*~tactically~*~*~ (hiding).
 24413 | Orc:1    | 24413 ||| Stepping ~*~*~tactically~*~*~ (hiding).
 24416 | Orc:1    | 24416 ||| Stepping ~*~*~tactically~*~*~ (hiding).
 24421 | Orc:1    | 24421 ||| Stepping ~*~*~tactically~*~*~ (hiding).
 24427 | Orc:1    | 24427 ||| INVOKING Heroism.
 24577 | Orc:2    | Entered Level 2 of the Orcish Mines
 24580 | Orc:2    | 24580 ||| INVOKING Heroism.
 24581 | Orc:2    | 24581 ||| STAIRDANCE
 24604 | Orc:2    | 24604 ||| STAIRDANCE
 24609 | Orc:2    | 24609 ||| STAIRDANCE
 24623 | Orc:2    | 24623 ||| STAIRDANCE
 24628 | Orc:2    | 24628 ||| STAIRDANCE
 24633 | Orc:2    | 24633 ||| STAIRDANCE
 24639 | Orc:2    | 24639 ||| STAIRDANCE
 24681 | Orc:2    | 24681 ||| STAIRDANCE
 24683 | Orc:1    | 24683 ||| INVOKING Heroism.
 24710 | Orc:2    | 24710 ||| Stepping ~*~*~tactically~*~*~ (stealth).
 24711 | Orc:2    | 24711 ||| Stepping ~*~*~tactically~*~*~ (stealth).
 24759 | Orc:2    | Found Woiguuv's Antique Weapon Shop.
 24845 | Orc:2    | 24845 ||| INVOKING Heroism.
 24846 | Orc:2    | Found Sasoho's Antique Armour Shop.
 24847 | Orc:2    | 24847 ||| Stepping ~*~*~tactically~*~*~ (hiding).
 24848 | Orc:2    | 24848 ||| Stepping ~*~*~tactically~*~*~ (hiding).
 24849 | Orc:2    | 24849 ||| Stepping ~*~*~tactically~*~*~ (hiding).
 24850 | Orc:2    | 24850 ||| Stepping ~*~*~tactically~*~*~ (hiding).
 24851 | Orc:2    | Gained mutation: Your spells are a little easier to cast,
                  | but a little less powerful. [a neqoxec]
 25009 | Orc:2    | 25009 ||| INVOKING Heroism.
 25010 | Orc:2    | Noticed an orc warlord
 25011 | Orc:2    | 25011 ||| INVOKING Finesse.
 25014 | Orc:2    | Found Inwiph's General Store.
 25024 | Orc:2    | HP: 25/100 [orc warrior/+0 glaive (23)]
 25024 | Orc:2    | HP: 12/100 [orc high priest/+0 halberd (5)]
 25025 | Orc:2    | 25025 ||| READING 9 scrolls of teleportation.
 25025 | Orc:2    | HP: 1/100 [orc warlord/+1 war axe (11)]
 25026 | Orc:2    | 25026 ||| DRINKING 4 potions of heal wounds.
 25026 | Orc:2    | Slain by an orc warlord

Levels and vault maps discovered:
D:1:      ebering_trefoil_3fold, layout_rooms,
          hellmonk_ecumenical_altar_arch_garden
D:2:      minmay_recursive_quarters, layout_loops_ring, basic_altar,
          minmay_tetromino_i4, uniq_natasha
D:3:      layout_basic, kennysheep_nub, minmay_diced_spiral
D:4:      layout_gridville, old_standard_altar, lightli_temple_of_fire,
          uniq_crazy_yiuf_cottage, uniq_menkaure
D:5:      cheibrodos_thug_alley, layout_rooms, minmay_temple_entry_slanted,
          cheibrodos_sewer_entry_bend, enter_ossuary_1, kennysheep_small_square,
          uniq_edmund
D:6:      layout_rooms, grunt_ministairs_11
D:7:      layout_basic, serial_shops, shop, gammafunk_ghost_smash,
          kennysheep_generic_room_12
D:8:      layout_basic, serial_shops, nicolae_shop_trees
D:9:      layout_long_grid, gammafunk_temple_overflow_wave,
          gammafunk_ghost_abyssal_escape, serial_shops,
          nicolae_shop_window_shopping, hangedman_corner_corridor, uniq_maggie,
          uniq_psyche
D:10:     layout_basic, david_lair_generic
D:11:     layout_long_grid, david_orc_2
D:12:     layout_rooms
D:13:     layout_long_grid, lightli_vaults_fourway_checkpoint
D:14:     layout_loops_corners, infiniplex_staircase_spiral_double
D:15:     gammafunk_enter_depths_forms, layout_long_grid,
          nicolae_kite_square_tiling_tiny, zin_scriptorium
Temple:   mainiacjoe_temple_bowtie_tessellation
Lair:1:   dragon1_lemuel, layout_regular_city, beast_lair_carwin_8, uniq_joseph,
          uniq_nergalle, uniq_gastronok
Lair:2:   layout_roguey, elwin_shoals_entry_stream,
          minmay_snake_entry_six_corridors, serial_bayou_shore_b,
          grunt_megastairs_1
Lair:3:   layout_hall_layers
Lair:4:   layout_cave_pods, gammafunk_ghost_split, lookout_lair_type,
          nicolae_quartered_pool_medium, lemuel_fruit_fields
Lair:5:   minmay_lair_end_frog_pond, layout_loops_ring,
          dpeg_slime_entry_enclosed, uniq_sonja
Orc:1:    layout_diamond_mine
Orc:2:    grunt_orc_gardens, layout_caves, grunt_orc_garden, grunt_orc_garden,
          grunt_orc_garden, grunt_orc_garden, mines2_lemuel

Skill      XL: |  1  2  3  4  5  6  7  8  9 10 11 12 13 14 15 |
---------------+----------------------------------------------+-----
Axes           | 2 3 4 5 6 7 8 10 11 12 14 15 16 | 16.0
Fighting       | 4 5 6 7 8 9 10 12 13 | 13.6
Dodging        | 1 2 3 4 |  4.1
Armour         | 4 5 6 7 9 10 | 10.0
Throwing       | 1 3 4 5 |  5.2
Shields        | 4 8 9 10 11 12 13 | 13.5
Invocations    | 4 8 10 | 10.0

Action                   |  1- 3 |  4- 6 |  7- 9 | 10-12 | 13-15 || total
-------------------------+-------+-------+-------+-------+-------++-------
Melee: War axe           |    80 |   143 |   244 |   417 |   904 ||  1788
       Morningstar       |       |       |       |     5 |    13 ||    18
Throw: Boomerang         |    24 |    45 |    22 |    42 |   136 ||   269
       Javelin           |       |       |       |    50 |    80 ||   130
Invok: Heroism           |       |       |     4 |    27 |    42 ||    73
       Finesse           |       |       |       |     3 |    10 ||    13
  Use: Scroll            |     5 |     6 |     7 |     9 |     8 ||    35
       Potion            |     1 |     3 |       |     2 |     4 ||    10
 Stab: Distracted        |       |       |       |       |     4 ||     4
Armor: Scale mail        |    41 |    44 |       |       |       ||    85
       Chain mail        |       |    39 |   158 |   203 |   330 ||   730
Dodge: Dodged            |    38 |    50 |    74 |    75 |   146 ||   383
       Repelled          |       |       |       |       |     4 ||     4
Block: Buckler           |    16 |    21 |    60 |     6 |       ||   103
       Kite shield       |       |       |       |   225 |   669 ||   894
       Reflection        |       |       |       |     4 |    32 ||    36

Table legend:
 A = Non-vault XP
 B = Vault XP
 C = Vault XP percentage of total XP
 D = Non-vault monster count
 E = Vault monster count
 F = Vault count percentage of total count
                 A         B        C        D         E       F
            +---------+---------+-------+---------+---------+-------
      Total |   79463 |   47878 |  37.6 |     459 |     162 |  26.1
            +---------+---------+-------+---------+---------+-------
        D:1 |      69 |       0 |   0.0 |      28 |       0 |   0.0
        D:2 |      55 |     107 |  66.0 |      16 |      15 |  48.4
        D:3 |     142 |       5 |   3.4 |      22 |       3 |  12.0
        D:4 |     133 |     172 |  56.4 |      20 |       1 |   4.8
        D:5 |     794 |     459 |  36.6 |      20 |      13 |  39.4
        D:6 |     750 |     869 |  53.7 |      20 |       5 |  20.0
        D:7 |    1763 |     133 |   7.0 |      33 |       1 |   2.9
        D:8 |    2032 |       0 |   0.0 |      30 |       0 |   0.0
        D:9 |     949 |    2096 |  68.8 |      16 |       7 |  30.4
       D:10 |    4761 |    1536 |  24.4 |      15 |       4 |  21.1
       D:11 |    5451 |     406 |   6.9 |      15 |       8 |  34.8
       D:12 |    3971 |    1730 |  30.3 |      15 |       2 |  11.8
       D:13 |    8068 |    5911 |  42.3 |      26 |      10 |  27.8
       D:14 |    6714 |       0 |   0.0 |      18 |       0 |   0.0
       D:15 |    7148 |    5033 |  41.3 |      21 |       8 |  27.6
     Lair:1 |    6451 |    5169 |  44.5 |      25 |      12 |  32.4
     Lair:2 |   10601 |    4427 |  29.5 |      31 |      17 |  35.4
     Lair:3 |    5585 |       0 |   0.0 |      16 |       0 |   0.0
     Lair:4 |    5042 |     848 |  14.4 |      19 |       1 |   5.0
     Lair:5 |    6186 |   11880 |  65.8 |      19 |      39 |  67.2
      Orc:1 |    2322 |    1083 |  31.8 |      31 |       3 |   8.8
      Orc:2 |     476 |    6014 |  92.7 |       3 |      13 |  81.2
            +---------+---------+-------+---------+---------+-------
